Map: Thunderbird LE

Players

Mez - Winner!

  • Race: Protoss Protoss
  • League: Master
  • Spawn Location: 5:00

Boony

  • Race: Zerg Zerg
  • Spawn Location: 11:00

VOD

Have the link to the VOD?

Description

Time

  • Played on: Aug. 16, 2019, 2:36 p.m.
  • Length: 9:46
Show
View Real Time Build Order
Export as new Build Order

Mez Protoss - Winner!

Build Orders: Mass Adepts 

Get SALT Encoding   

  12  0:00  Probe  
  13  0:13  Probe  
  14  0:21  Pylon  
  14  0:25  Probe  
  15  0:38  Probe  
  15  0:40  Gateway  
  16  0:46  Probe, Assimilator  
  16  0:54  Probe  
  18  1:09  Probe, Gateway  
  19  1:21  Probe  
  20  1:33  Cybernetics Core  
  20  1:40  Probe  
  20  1:44  Pylon  
  20  1:46  Assimilator  
  21  1:53  Probe  
  22  2:02  Adept x2  
  22  2:14  Warp Gate  
  26  2:25  Pylon  
  26  2:39  Adept x2  
  30  2:48  Gateway  
  30  2:54  Pylon  
  30  2:56  Gateway  
  30  2:59  Gateway  
  30  3:33  Pylon  
  30  4:04  Adept x4  
  38  4:22  Nexus  
  38  4:27  Pylon  
  38  4:31  Adept x3  
  40  4:37  Probe  
  45  4:49  Probe  
  46  4:53  Robotics Facility  
  46  5:27  Adept x4  
  52  5:31  Pylon  
  36  5:54  Immortal  
  36  5:55  Zealot  
  38  5:57  Sentry x2, Probe  
  38  5:58  Sentry  
  38  5:59  Probe  
  44  6:20  Probe x2  
  46  6:27  Sentry x3  
  46  6:28  Sentry, Probe x2  
  55  6:38  Probe, Pylon  
  55  6:42  Probe  
  57  6:50  Immortal, Probe  
  58  6:55  Probe  
  63  7:02  Probe  
  63  7:06  Sentry x2  
  63  7:07  Sentry, Probe  
  71  7:12  Stalker  
  73  7:31  Warp Prism  
  73  7:33  Gateway  
  73  7:36  Gateway  
  73  7:39  Gateway  
  75  7:53  Stalker  
  75  7:57  Pylon  
  77  8:01  Pylon  
  77  8:06  Pylon  
  77  8:10  Pylon  
  77  8:28  Stalker  
  77  8:29  Stalker x3  
  83  8:35  Forge  
  83  8:40  Probe x2  
  82  8:47  Assimilator  
  82  8:48  Assimilator  
  82  8:52  Probe  
  79  8:56  Stalker  
  80  9:03  Zealot x6  
  92  9:41  Stalker x2  
  92  9:42  Stalker, Zealot  
  92  9:43  Zealot x3  
Show
View Real Time Build Order
Export as new Build Order

Boony Zerg 

Build Orders: Hatch First 

Get SALT Encoding   

  12  0:01  Drone  
  13  0:10  Drone  
  14  0:35  Hatchery  
  13  0:46  Drone  
  14  0:56  Spawning Pool  
  13  1:05  Drone  
  14  1:15  Overlord x2  
  14  1:33  Drone x2  
  16  1:44  Queen  
  18  1:47  Queen  
  20  1:56  Extractor  
  20  1:57  Drone  
  20  1:58  Drone  
  21  2:04  Drone  
  22  2:08  Drone  
  22  2:11  Drone  
  24  2:20  Drone  
  25  2:26  Drone x2  
  25  2:27  Drone  
  28  2:31  Drone  
  29  2:44  Zergling x6  
  31  2:55  Zergling x2  
  31  3:15  Zergling x2  
  31  3:16  Zergling x4  
  31  3:18  Metabolic Boost  
  32  3:20  Drone x3  
  33  3:28  Zergling x4  
  35  3:34  Drone  
  35  3:43  Overlord x3  
  35  3:50  Hatchery  
  35  3:54  Lair  
  35  3:55  Drone  
  35  4:02  Drone  
  36  4:10  Zergling x2  
  36  4:11  Zergling x8  
  36  4:15  Spine Crawler  
  40  4:19  Zergling x4  
  42  4:24  Extractor  
  42  4:27  Drone, Extractor  
  42  4:28  Drone  
  42  4:36  Drone  
  42  4:37  Drone  
  44  4:39  Spine Crawler  
  44  4:44  Zergling x6  
  44  4:50  Zergling x4  
  46  4:57  Spine Crawler  
  41  5:25  Zergling x2  
  41  5:26  Zergling x10  
  25  5:40  Drone x3  
  24  5:56  Spire  
  22  6:02  Zergling x2  
  22  6:03  Zergling x8  
  19  6:19  Drone x2  
  21  6:36  Drone x3  
  24  6:44  Drone  
  25  7:04  Drone  
  25  7:05  Drone x4  
  29  7:31  Mutalisk x2  
  29  7:32  Extractor  
  32  7:51  Drone  
  32  7:52  Drone x3  
  36  8:00  Drone  
  36  8:05  Drone  
  38  8:13  Drone  
  38  8:17  Drone  
  40  8:21  Drone  
  40  8:25  Drone  
  42  8:33  Drone  
  42  8:34  Drone  
  44  8:37  Drone  
  44  8:41  Drone  
  46  8:48  Drone x2  
  48  8:51  Drone  
  48  8:52  Drone  
  50  8:56  Drone  
  50  8:58  Drone  
  52  9:05  Mutalisk  
  54  9:17  Mutalisk x2  
Tags
 
Composition
Mass Adepts
League
Master
Matchup
PvZ
Spawn Locations
Cross Positions
Add a new tag
Caveats
  • Supply blocks, unpowered buildings, or Contaminate may cause inaccurate times.
  • Supply counts are checked every 10 seconds.